 Dungeon Crawl Stone Soup version 0.29-a0-409-gd843f3a48c (webtiles) character file.

Game seed: 10963445021857973814

2369 Snarg the Ruffian (level 9, -3/58 HPs)
             Began as an Octopode Transmuter on May 14, 2022.
             Was an Elder of Okawaru.
             Slain by a wyvern (13 damage)
             ... on level 7 of the Dungeon on May 15, 2022.
             The game lasted 00:36:22 (9791 turns).

Snarg the Ruffian (Octopode Transmuter)             Turns: 9791, Time: 00:36:44

Health: -3/58      AC:  5    Str: 14    XL:     9   Next: 44%
Magic:  14/14      EV: 14    Int: 21    God:    Okawaru [****..]
Gold:   312        SH:  0    Dex: 12    Spells: 3/15 levels left

rFire   . . .      SeeInvis .     - Unarmed
rCold   . . .      Faith    .   (no shield)
rNeg    . . .      Spirit   .   (helmet currently unavailable)
rPois   .          Reflect  .   l - amulet of magic regeneration
rElec   .          Harm     .   z - ring of willpower
rCorr   .          Rampage  .   B - +6 ring of intelligence
Will    +....                   C - +4 ring of protection
Stlth   ++++......              (no ring)
HPRegen 0.19/turn               (no ring)
MPRegen 0.54/turn               (no ring)
                                (no ring)
                                (no ring)

@: appendages, wereblooded
A: tentacle spike 3, almost no armour, amphibious, 8 rings, camouflage 1,
gelatinous body 1, (nimble swimmer 1), tentacles
a: End Transformation, Renounce Religion, Heroism, Finesse


You were on level 7 of the Dungeon.
You worshipped Okawaru.
Okawaru was greatly pleased with you.
One of your tentacles had grown a beastly spike.
You visited 2 branches of the dungeon, and saw 9 of its levels.

You collected 403 gold pieces.
You spent 91 gold pieces at shops.

Inventory:

Hand Weapons
 d - a +2 dagger of holy wrath
 j - a +2 vorpal spear
 k - the +3 short sword of Gloom {protect, *Noise rC+ Will+ rCorr}
   (You took it off a kobold on level 2 of the Dungeon)

   It grants its wielder temporary protection when it strikes (+7 to AC).
   rC:        It protects you from cold.
   *Noise:    It may make noises in combat.
   rCorr:     It protects you from acid and corrosion.
   Will:      It increases your willpower.
 m - a +0 dagger of venom
 t - the +12 hand axe of the Firefly {pain, SInv}
   (You found it on level 3 of the Dungeon)

   In the hands of one skilled in necromantic magic, it inflicts extra damage on
   living creatures.
   SInv:      It lets you see invisible.
 v - a +1 hand axe of flaming
 w - a +1 whip of freezing
 F - a +0 morningstar of holy wrath
Missiles
 h - 259 stones (quivered)
 n - 10 silver javelins
 D - a throwing net
Jewellery
 l - an amulet of magic regeneration (around mantle)
 z - a ring of willpower (left tentacle)
 B - a +6 ring of intelligence (right tentacle)
 C - a +4 ring of protection (on tentacle)
Wands
 s - a wand of acid (6)
 x - a wand of flame (9)
 J - a wand of digging (6)
Scrolls
 f - 4 scrolls of teleportation
 o - 2 scrolls of vulnerability
 p - 3 scrolls of fear
 u - a scroll of fog
 y - a scroll of immolation
 A - a scroll of summoning {unknown}
 E - a scroll of enchant weapon {unknown}
 K - 2 scrolls of blinking {unknown}
 L - 2 scrolls of identify
Potions
 a - 2 potions of lignification
 b - 7 potions of curing
 c - a potion of might
 e - a potion of berserk rage {unknown}
 g - 4 potions of magic
 i - a potion of heal wounds {unknown}
 q - a potion of invisibility
 r - a potion of flight
 G - a potion of attraction {unknown}
 H - a potion of haste {unknown}
 I - a potion of ambrosia {unknown}
 M - a potion of mutation {unknown}


   Skills:
 + Level 4.2 Fighting
 + Level 3.0 Throwing
 + Level 4.0 Dodging
 + Level 5.0 Stealth
 + Level 6.6 Unarmed Combat
 * Level 3.9 Spellcasting
 + Level 5.0 Transmutations
 * Level 1.5 Ice Magic
 + Level 2.0 Air Magic
 + Level 2.0 Earth Magic
 * Level 3.0 Invocations
 + Level 1.1 Evocations


You had 3 spell levels left.
You knew the following spells:

 Your Spells              Type           Power      Damage    Failure   Level
a - Beastly Appendage     Tmut           50%        N/A       1%          1
b - Wereblood             Tmut           25%        N/A       2%          2
c - Passwall              Tmut/Erth      15%        N/A       4%          2
d - Swiftness             Air            12%        N/A       16%         3
e - Ice Form              Ice/Tmut       18%        N/A       30%         4

Your spell library contained the following spells:

 Spells                   Type           Power      Damage    Failure   Level
 Sandblast                Erth           24%        2d8       5%          1
 Shock                    Conj/Air       32%        1d5       9%          1
 Corpse Rot               Necr/Air       16%        N/A       12%         2
 Spider Form              Tmut/Pois      14%        N/A       13%         3
 Ignite Poison            Fire/Tmut/Pois 11%        N/A       19%         3
 Stone Arrow              Conj/Erth      16%        3d8       24%         3
 Mephitic Cloud           Conj/Pois/Air  6%         N/A       28%         3
 Inner Flame              Hex/Fire       4%         N/A       36%         3
 Airstrike                Air            6%         N/A       47%         4
 Cause Fear               Hex            2%         N/A       77%         4
 Dispel Undead            Necr           4%         3d7       77%         4
 Freezing Cloud           Conj/Ice/Air   4%         6-21      91%         5
 Discord                  Hex            2%         N/A       100%        8
 Death Channel            Necr           Unusable   N/A       N/A         6

Dungeon Overview and Level Annotations

Branches:
Dungeon (8/15)             Temple (1/1) D:4
   Lair: D:8-11

Altars:
Ashenzari
Cheibriados
Dithmenos
Elyvilon
Fedhas
Gozag
Hepliaklqana
Kikubaaqudgha
Makhleb
Nemelex Xobeh
Okawaru
Qazlal
Ru
Sif Muna
Trog
Uskayaw
Vehumet
Wu Jian
Xom
Yredelemnul
Zin
The Shining One

Shops:
D:6 *

Annotations:
D:1 clr
D:2 clr
D:3 clr
D:4 clr
D:5 clr
D:6 xlr
D:7 exclusions: kobold and orc, Maggie


Innate Abilities, Weirdness & Mutations

One of your tentacles has grown a beastly spike.
You cannot wear most types of armour.
You are amphibious.
You can wear up to eight rings at the same time.
Your skin changes colour to match your surroundings (Stealth+).
Your rubbery body absorbs attacks. (AC +1, EV +1)
((You are camouflaged when in or above water. (Stealth+)))
You have tentacles for arms and can constrict up to eight enemies at once.


Message History

You climb downwards.
You hear the roar of battle.
There is an entrance to a bailey on this level.
Hurry and find it before the portal closes forever!
There is a stone staircase leading up here.
Cast which spell? (? or * to list) One of your tentacles grows a vicious spike.
Casting: Beastly Appendage (safe; 1% risk of failure)
Confirm with . or Enter, or press ? or * to list all spells.
Your blood is infused with primal strength.
You throw a stone.
The stone hits the wyvern but does no damage.
You throw a stone.
The stone hits the wyvern but does no damage.
You tentacle-slap the wyvern.
Your tentacle spike misses the wyvern.
The wyvern is lightly wounded.
The wyvern bites you! The wyvern closely misses you.
You barely miss the wyvern.
Your tentacle spike misses the wyvern.
The wyvern is lightly wounded.
The wyvern closely misses you.
You completely miss the wyvern.
The wyvern is lightly wounded.
The wyvern bites you but does no damage.
The wyvern bites you!
You tentacle-slap the wyvern.
You pierce the wyvern.
Your squeeze misses the wyvern.
The wyvern is moderately wounded.
The wyvern bites you!
You are too injured to fight recklessly!
The wyvern bites you but does no damage.
You climb upwards.
Level annotation: exclusions: kobold and orc, Maggie
There is a stone staircase leading down here.
You barely miss the wyvern.
You pierce the wyvern, but do no damage.
You squeeze the wyvern.
The wyvern is heavily wounded.
The wyvern bites you!
* * * LOW HITPOINT WARNING * * *
The wyvern bites you!
You die...

#....# #.... #....# #....
#....# ##########....
#....# #........#....
#....#######
#........#....
#..........#
#........#....
####.......#
#........#....
#.......####........#....
#......l@..'.........[)..
#........###........##.#.
#.#......###........##.#.
#.#.###....'........'....
#.#......###.....)..##.#.
#.#.#+#..# ###########.#.
#.#......# #.#.
#.#......#############.#.
#.#......................


You could see a wyvern.

Vanquished Creatures
  Pikel (D:4)
  A water moccasin (D:7)
  An acid dragon (D:7)
  A sky beast (D:6)
  3 black bears
  2 ice beasts
  A centaur (D:6)
  A phantom (D:6)
  2 necrophages (D:6)
  A bullfrog (D:7)
  A scorpion (D:6)
  3 gnoll shamans (D:5)
  2 jellies
  2 hounds
  4 iguanas
  2 orc wizards (D:7)
  Natasha (thrice) (D:4)
  9 adders
  14 gnolls
  A shadow imp (D:6)
  A white imp (D:5)
  A dart slug (D:1)
  4 worms
  20 orcs
  6 ball pythons
  8 endoplasms
  3 giant cockroaches
  11 goblins
  6 hobgoblins
  3 quokkas
  8 bats
  6 frilled lizards
  9 kobolds
  8 rats
149 creatures vanquished.

Vanquished Creatures (others)
  4 plants (D:1)
4 creatures vanquished.

Grand Total: 153 creatures vanquished

Notes
Turn   | Place    | Note
-------+----------+-------------------------------------------
     0 | D:1      | Snarg the Octopode Transmuter began the quest for the Orb.
     0 | D:1      | Reached XP level 1. HP: 13/13 MP: 3/3
   311 | D:1      | Reached XP level 2. HP: 17/18 MP: 3/5
   314 | D:1      | Learned a level 2 spell: Wereblood
   814 | D:1      | Reached XP level 3. HP: 23/23 MP: 3/6
  1379 | D:2      | Found a faded altar of an unknown god.
  1383 | D:2      | Prayed at the altar of an unknown god.
  1383 | D:2      | Became a worshipper of Warmaster Okawaru
  1383 | D:2      | Reached * piety under Okawaru
  1412 | D:2      | Identified the +3 short sword of Gloom {protect, *Noise rC+
                  | Will+ rCorr}
  1907 | D:2      | Reached XP level 4. HP: 28/28 MP: 7/7
  2085 | D:2      | Reached skill level 1 in Invocations
  2283 | D:2      | Reached skill level 1 in Stealth
  2651 | D:3      | Found a shadowy altar of Dithmenos.
  2723 | D:3      | Identified the +12 hand axe of the Firefly {pain, SInv}
  2866 | D:3      | Found an opulent altar of Gozag.
  2902 | D:3      | Reached skill level 1 in Throwing
  2902 | D:3      | Reached XP level 5. HP: 33/33 MP: 6/8
  2905 | D:3      | Identified the +0 leather armour of the Shoals {Int+6 SInv
                  | Stlth+}
  3529 | D:4      | Reached skill level 4 in Unarmed Combat
  3957 | D:4      | Reached ** piety under Okawaru
  4146 | D:4      | Found a staircase to the Ecumenical Temple.
  4208 | D:4      | Reached XP level 6. HP: 37/39 MP: 9/9
  4263 | D:4      | Noticed a black bear
  4408 | D:4      | Noticed Pikel
  4423 | D:4      | Killed Pikel
  4423 | D:4      | Reached *** piety under Okawaru
  4424 | D:4      | Reached XP level 7. HP: 7/46 MP: 10/10
  4715 | D:4      | Noticed Natasha
  4721 | D:4      | Killed Natasha
  4722 | D:4      | Reached skill level 5 in Unarmed Combat
  4820 | D:4      | Reached skill level 5 in Stealth
  5071 | D:4      | Noticed Natasha
  5077 | D:4      | Killed Natasha
  5078 | D:4      | Reached XP level 8. HP: 45/52 MP: 11/11
  5132 | D:4      | Noticed Natasha
  5142 | D:4      | Killed Natasha
  5170 | D:4      | Learned a level 2 spell: Passwall
  5299 | Temple   | Entered the Ecumenical Temple
  5751 | D:5      | Entered Level 5 of the Dungeon
  6295 | D:5      | Reached skill level 1 in Earth Magic
  7296 | D:6      | Learned a level 3 spell: Swiftness
  7431 | D:6      | Reached skill level 1 in Air Magic
  7548 | D:6      | Reached **** piety under Okawaru
  7554 | D:6      | Reached skill level 6 in Unarmed Combat
  7812 | D:6      | Reached XP level 9. HP: 40/58 MP: 13/13
  7932 | D:6      | Found Feikh's General Store.
  7944 | D:6      | Bought a scroll of fear for 49 gold pieces
  7951 | D:6      | Bought a potion of curing for 42 gold pieces
  8391 | D:5      | Reached skill level 1 in Evocations
  8461 | D:6      | Learned a level 4 spell: Ice Form
  8710 | D:7      | Noticed Maggie
  8972 | D:7      | Received a gift from Okawaru
  9273 | D:7      | Reached skill level 5 in Transmutations
  9320 | D:7      | Reached skill level 1 in Ice Magic
  9791 | D:7      | Slain by a wyvern

Illustrated notes

Levels and vault maps discovered:
D:1:      dpeg_arrival_rooms_c, layout_loops_cross, corexii_leaking_fountain,
          minmay_hedge_maze, serial_bayou_pond_b
D:2:      layout_loops_ring, nicolae_ecumenical_pavilion
D:3:      layout_loops_ring, nicolae_overflow_squiral
D:4:      layout_loops_ring, minmay_temple_entry_ruins, minmay_goblin_outpost,
          uniq_natasha, uniq_pikel
D:5:      layout_basic
D:6:      layout_cave_pods, serial_shops, shop, kennysheep_generic_room_15
D:7:      layout_basic, uniq_maggie
D:8:      layout_rooms, enter_bailey_4, hangedman_abyss_or_decor_lesser_grid,
          minmay_fractal_squares_gapless_5
Temple:   mainiacjoe_temple_big_plus

Skill      XL: |  1  2  3  4  5  6  7  8  9 |
---------------+----------------------------+-----
Invocations    | 1 2 3 |  3.0
Stealth        | 1 2 4 5 |  5.0
Throwing       | 1 2 3 |  3.0
Unarmed Combat | 4 5 6 |  6.6
Transmutations | 3 4 5 |  5.0
Fighting       | 2 3 4 |  4.2
Dodging        | 3 4 |  4.0
Earth Magic    | 2 |  2.0
Air Magic      | 2 |  2.0
Spellcasting   | 3 |  3.9
Evocations     | 1 |  1.1
Ice Magic      | 1 |  1.5

Action                   |  1- 3 |  4- 6 |  7- 9 || total
-------------------------+-------+-------+-------++-------
Melee: Unarmed           |    77 |    92 |   156 ||   325
       Kick              |    15 |    30 |    51 ||    96
       Constrict         |    20 |    21 |    33 ||    74
       Tentacles         |    17 |    21 |    43 ||    81
       Punch             |     1 |     5 |     4 ||    10
       Hand axe          |       |       |     4 ||     4
Throw: Stone             |    53 |    48 |    58 ||   159
       Javelin           |       |     3 |    12 ||    15
 Cast: Beastly Appendage |    25 |    19 |    28 ||    72
       Wereblood         |     5 |     2 |     8 ||    15
Invok: Heroism           |       |     1 |     4 ||     5
Evoke: Wand              |       |     3 |     6 ||     9
  Use: Scroll            |       |     9 |     4 ||    13
 Stab: Sleeping          |     2 |     5 |       ||     7
       Distracted        |       |       |     1 ||     1
Armor: Skin              |     3 |     6 |    28 ||    37
Dodge: Dodged            |    25 |    55 |    99 ||   179

Table legend: (Time is in decaauts)
 A = Elapsed time spent in this place.
 B = Non-inter-level travel time spent in this place.
 C = Inter-level travel time spent in this place.
 D = Time resting spent in this place.
 E = Time spent auto-exploring this place.
 F = Levels seen in this place.
 G = Mean time per level.
                   A        B        C        D        E       F      G
               +--------+--------+--------+--------+--------+-----+--------+
         Total |   9773 |   9144 |    629 |   2059 |   5466 |   9 | 1085.9 |
       Dungeon |   9353 |   8749 |    604 |   2059 |   5081 |   8 | 1169.1 |
        Temple |    419 |    394 |     25 |      0 |    385 |   1 |  419.0 |
               +--------+--------+--------+--------+--------+-----+--------+

Top non-repeatable levels by time:
     D:4: 1901 daAuts
     D:5: 1623 daAuts
     D:1: 1378 daAuts
     D:6: 1187 daAuts
     D:7: 1186 daAuts
     D:3: 1056 daAuts
     D:2: 1011 daAuts
  Temple: 419 daAuts
     D:8: 9 daAuts
